AoeStats
← Iamak3186

Glade

503439355Analyzed
1v1 RM · 1mo ago on Aug 31, 2026· 25m 8s· 2 players
Game mode
Random Map
Map size
Tiny (2 player)
Population
200
Speed
Normal
Resources
Standard
Victory
Conquest
Starting age
Dark Age
Ending age
Imperial Age
RankedLock teamsTeams togetherTeam positionsShared explorationLock speedFull tech treeHidden civsTurbo modeCheats
Victory
Defeat
🇮🇳 Japanese · India
1308
+17
🇩🇪 Romans · Germany
1320
-17
Iamak3186
8:27 Loom
10:14 Feudal Age
14:53 Castle Age
12:57 Double-Bit Axe
13:28 Horse Collar
15:15 Scale Mail Armor
21:20 Chain Mail Armor
Haegar der Schreckliche
10:18 Feudal Age
11:47 Loom
15:33 Castle Age
13:50 Double-Bit Axe
15:48 Stone Mining
17:36 Bow Saw
18:45 Horse Collar
21:33 Heavy Plow
22:15 Man-at-Arms
24:12 Fletching
Connection lost

Rejoining the realm…

Still unreachable

The connection could not be restored.

Session expired

The server has moved on; the page needs a fresh start.